 Dungeon Crawl Stone Soup version 0.17-a0-1793-gcbb3aa1 (webtiles) character file.

202 Leibowitz the Ducker (level 5, -1/39 HPs)
             Began as a Demonspawn Gladiator on Sept 10, 2015.
             Slain by an ogre
             ... wielding a +0 giant club
              (23 damage)
             ... on level 4 of the Dungeon.
             The game lasted 00:07:51 (3874 turns).

Leibowitz the Ducker (Demonspawn Gladiator)         Turns: 3874, Time: 00:07:51

Health: -1/39      AC:  5    Str: 16    XL:     5   Next: 50%
Magic:  0/5        EV: 13    Int:  7    God:
Gold:   94         SH:  0    Dex: 14    Spells: 0 memorised, 4 levels left

rFire  . . .     SeeInvis .     a - +0 war axe
rCold  + . .     Clarity  .     b - +0 leather armour
rNeg   . . .     SustAt   .     (no shield)
rPois  .         Gourm    .     c - +0 helmet
rElec  .         Spirit   +     (no cloak)
rCorr  .         Warding  .     (no gloves)
rMut   .         Stasis   .     (no boots)
MR     .....                    (no amulet)
Stlth  +.........               (no ring)
                                l - -2 ring of intelligence (curse)

@: not resistant to hostile enchantments, very unstealthy
A: rugged brown scales 1, cold resistance 1, magic shield
a: no special abilities


You were on level 4 of the Dungeon.
You were not hungry.

You visited 1 branch of the dungeon, and saw 4 of its levels.

You collected 94 gold pieces.

Inventory:

Hand weapons
 a - a +0 war axe (weapon)
Missiles
 d - 2 throwing nets (quivered)
 n - 2 needles of sleeping
Armour
 b - a +0 leather armour (worn)
 c - a +0 helmet (worn)
Jewellery
 l - a cursed -2 ring of intelligence (left hand)
Scrolls
 g - 2 scrolls of amnesia
 h - 2 scrolls of magic mapping
 j - 5 scrolls of identify
Potions
 f - a potion of poison {unknown}
 i - a potion of invisibility {unknown}
 k - 4 potions of curing {unknown}
Comestibles
 e - 2 bread rations
 m - 2 fruits


   Skills:
 + Level 2.2 Fighting
 + Level 3.9 Axes
 + Level 1.7 Throwing
 + Level 1.9 Armour
 + Level 4.1 Dodging
 + Level 0.8 Stealth


You had 4 spell levels left.
You didn't know any spells.

Dungeon Overview and Level Annotations

Branches:
Dungeon (4/15)
 Temple: D:4-7

Altars:
Ashenzari


Innate Abilities, Weirdness & Mutations

You are partially covered in rugged brown scales (AC +1, +3% HP).
Your flesh is cold resistant.
When hurt, damage is shared between your health and your magic reserves.


Message History

The ogre is lightly wounded.
The ogre struggles against the net. x2
The net rips apart, and the ogre comes free!
You hit the ogre.
The ogre is moderately wounded.
The ogre closely misses you.
You hit the ogre.
The ogre is moderately wounded.
The ogre hits you but does no damage.
Your leather armour prevents you from hitting the ogre.
The ogre is moderately wounded.
The ogre hits you with a giant club.
You closely miss the ogre.
The ogre is moderately wounded.
The ogre hits you with a giant club!
You barely miss the ogre.
The ogre is moderately wounded.
The ogre hits you with a giant club!!
Ouch! That really hurt!
You die...

## ... ##. ##....
..##.....# ........#
..#.#.# . #.#...#### #.
...####..#...... #..
.......@........ ..#.#
...#####O##.#.# ......
##†##.#
.##.?.#########.....##
............##.......##
..........a>............
.............#.........#
.............#<........#
.......................#


You could see an ogre.

Vanquished Creatures
  A scorpion (D:4)
  A worker ant (D:4)
  Robin (D:3)
  2 adders (D:2)
  An ooze (D:2)
  5 worms
  A giant gecko (D:1)
  6 orcs (D:3)
  A ball python (D:1)
  5 giant cockroaches
  11 hobgoblins
  2 quokkas (D:3)
  8 bats
  3 giant newts
  16 goblins
  4 jackals (D:2)
  8 kobolds
  6 rats
82 creatures vanquished.

Notes
Turn   | Place    | Note
--------------------------------------------------------------
     0 | D:1      | Leibowitz the Demonspawn Gladiator began the quest for the Orb.
     0 | D:1      | Reached XP level 1. HP: 16/16 MP: 1/1
   405 | D:1      | Gained mutation: When hurt, damage is shared between your health and your magic reserves. [demonic ancestry]
   405 | D:1      | Reached XP level 2. HP: 22/22 MP: 2/2
   424 | D:1      | Reached skill level 3 in Axes
  1370 | D:1      | Gained mutation: You are partially covered in rugged brown scales (AC +1, +3% HP). [demonic ancestry]
  1370 | D:1      | Reached XP level 3. HP: 21/27 MP: 3/3
  2350 | D:2      | Found a shattered altar of Ashenzari.
  2401 | D:2      | Reached skill level 1 in Armour
  2401 | D:2      | Reached XP level 4. HP: 30/33 MP: 4/4
  2836 | D:3      | Noticed Robin
  2909 | D:3      | Killed Robin
  3620 | D:3      | Gained mutation: Your flesh is cold resistant. [demonic ancestry]
  3620 | D:3      | Reached XP level 5. HP: 39/39 MP: 5/5
  3747 | D:4      | Reached skill level 4 in Dodging
  3843 | D:4      | Noticed an ogre
  3874 | D:4      | Slain by an ogre

Vault maps used:
D:1:      dpeg_arrival_short_road
D:2:      evilmike_ruin_ashenzari
D:3:      uniq_robin
D:4:      elyvilon_altar_5, fedhas_altar_1, enter_ossuary_4, serial_undead,
          serial_undead_c, serial_undead_a, serial_undead_e, serial_undead_a

Action                   |  1- 3 |  4- 6 || total
-------------------------+-------+-------++-------
Melee: War axe           |   148 |   129 ||   277
Throw: Throwing net      |     3 |     1 ||     4
  Use: Scroll            |     5 |     1 ||     6
       Potion            |       |     2 ||     2
 Stab: Sleeping          |     1 |     2 ||     3
       Held in net/web   |       |     1 ||     1
  Eat: Chunk             |     5 |     5 ||    10
